 Dungeon Crawl Stone Soup version 0.17-b1-25-g6d8775f (webtiles) character file.

387 4thArraOfDagon the Chopper (level 6, -7/55 HPs)
             Began as a Minotaur Abyssal Knight on Nov 5, 2015.
             Was a Follower of Lugonu.
             Mangled by a water moccasin (8 damage)
             ... on level 5 of the Dungeon.
             The game lasted 00:03:15 (424 turns).

4thArraOfDagon the Chopper (Minotaur Abyssal Knight) Turns: 424, Time: 00:03:15

Health: -7/55      AC:  3    Str: 14      XL:     6   Next: 49%
Magic:  15/16      EV: 18    Int: 11 (13) God:    Lugonu [*.....]
Gold:   51         SH:  0    Dex: 15      Spells: 0 memorised, 5 levels left

rFire  . . .     SeeInvis .     e - +7 flail of War {crush, +Inv MP+9 Str-3 Int+3}
rCold  . . .     Clarity  .     b - +0 leather armour
rNeg   . . .     SustAt   .     (no shield)
rPois  .         Gourm    .     (helmet restricted)
rElec  .         Spirit   .     (no cloak)
rCorr  .         Warding  .     (no gloves)
rMut   .         Stasis   .     (no boots)
MR     .....                    j - amulet of inaccuracy (curse)
Stlth  +.........               (no ring)
                                (no ring)

@: agile, lethally poisoned (-7 -> -12), contaminated, glowing, not resistant to
hostile enchantments, very unstealthy
A: retaliatory headbutt, horns 2
a: Depart the Abyss, Renounce Religion, Evoke Invisibility


You were on level 5 of the Dungeon.
You worshipped Lugonu.
Lugonu was aware of your devotion.
You were not hungry.

You visited 1 branch of the dungeon, and saw 5 of its levels.
You visited the Abyss 1 time.

You collected 51 gold pieces.

Inventory:

Hand Weapons
 a - a +1 hand axe
 e - the +7 flail of War (weapon) {crush, +Inv MP+9 Str-3 Int+3}
   (You found it on level 5 of the Dungeon)

   It inflicts extra damage upon your enemies.
   It affects your strength (-3).
   It affects your intelligence (+3).
   It affects your magic capacity (+9).
   It lets you turn invisible.
Missiles
 f - 2 tomahawks (quivered)
Armour
 b - a +0 leather armour (worn)
Jewellery
 j - a cursed amulet of inaccuracy (around neck)
Wands
 d - a wand of enslavement (8)
Scrolls
 g - a scroll of enchant weapon {unknown}
 k - a scroll of magic mapping {unknown}
Comestibles
 c - a bread ration


   Skills:
 + Level 4.8 Fighting
 * Level 5.1 Axes
 + Level 3.8 Armour
 + Level 3.2 Dodging
 + Level 3.2 Invocations


You had 5 spell levels left.
You didn't know any spells.

Dungeon Overview and Level Annotations

Branches:
Dungeon (6/15)
 Temple: D:4-7

Altars:
Ashenzari
Yredelemnul


Innate Abilities, Weirdness & Mutations

You reflexively headbutt those who attack you in melee.
You have a pair of horns on your head.


Message History

The orc wizard shouts!
The water moccasin hisses angrily.
The gnoll shouts!
Found a shattered altar of Ashenzari.
* * * LOW HITPOINT WARNING * * *
You feel sick.
The orc shouts!
Unknown command.
Unknown command.
* * * LOW HITPOINT WARNING * * *
You feel sick.
The orc wizard casts a spell.
The orc wizard seems to speed up.
Unknown command.
Unknown command.
The orc wizard mumbles some strange words.
The orc wizard blinks!
Unknown command.
Unknown command.
* * * LOW HITPOINT WARNING * * *
You feel sick. The water moccasin bites you!
You die...

#. .#### #...
......
#..###.....##
#..#####_####
#..###.....##
#. ...o......
#.##.........#
#.@Sg.........
####......[...
##.o......
#.o......
##...###.
#g.## #).#
#..# ### #..#


You could see a water moccasin, an orc wizard, a gnoll and 2 orcs.

Vanquished Creatures
  Sigmund (D:5)
  2 brain worms (Abyss:1)
  A giant frog (D:6)
  A gnoll (D:5)
  An adder (D:2)
  3 bats
  3 jackals (D:1)
  A giant cockroach (D:1)
  A giant newt (D:2)
  A goblin (D:2)
  A kobold (D:1)
  A rat (D:2)
17 creatures vanquished.

Notes
Turn   | Place    | Note
--------------------------------------------------------------
     0 | Abyss:1  | 4thArraOfDagon the Minotaur Abyssal Knight began the quest for the Orb.
     0 | Abyss:1  | Reached XP level 1. HP: 19/19 MP: 1/1
    37 | Abyss:1  | Noticed a brain worm
    43 | Abyss:1  | Noticed a brain worm
    46 | Abyss:1  | Killed a brain worm
    46 | Abyss:1  | Reached skill level 4 in Fighting
    46 | Abyss:1  | Reached XP level 2. HP: 25/27 MP: 2/2
    46 | Abyss:1  | Reached XP level 3. HP: 30/33 MP: 3/3
    46 | Abyss:1  | Reached XP level 4. HP: 36/40 MP: 4/4
    56 | Abyss:1  | Killed a brain worm
    69 | Abyss:1  | Noticed a hellephant
    70 | D:1      | Escaped the Abyss
   104 | D:1      | Reached XP level 5. HP: 40/46 MP: 5/5
   156 | D:2      | :)
   187 | D:2      | Reached * piety under Lugonu
   226 | D:3      | You fall through a shaft for 3 floors!
   229 | D:6      | Found a basalt altar of Yredelemnul.
   283 | D:5      | Entered Level 5 of the Dungeon
   329 | D:5      | Got a pitted flail
   330 | D:5      | Identified the +7 flail of War {crush, +Inv MP+9 Str-3 Int+3} (You found it on level 5 of the Dungeon)
   403 | D:5      | Noticed Sigmund
   413 | D:5      | Noticed a water moccasin
   415 | D:5      | Killed Sigmund
   415 | D:5      | Reached skill level 5 in Axes
   415 | D:5      | Reached XP level 6. HP: 9/55 MP: 7/7
   420 | D:5      | Found a shattered altar of Ashenzari.
   422 | D:5      | HP: 2/55 [poisoned by Sigmund]
   424 | D:5      | Mangled by a water moccasin

Action                   |  1- 3 |  4- 6 || total
-------------------------+-------+-------++-------
Melee: Hand axe          |     6 |    38 ||    44
       Flail             |       |     8 ||     8
Throw: Tomahawk          |       |     2 ||     2
Invok: Depart the Abyss  |       |     1 ||     1
 Abil: Evoke Invisibilit |       |     2 ||     2
       Turn Visible      |       |     1 ||     1
  Use: Scroll            |       |     4 ||     4
       Potion            |       |     4 ||     4
 Stab: Invisible         |       |     3 ||     3
